| TOP OF THE 1ST |
|
Arkansas Travelers batting - Pitching for Northwest Arkansas Naturals : RHP Marvin Velasco
|
|
Pitching: RHP Marvin Velasco
|
|
|
Batting: RHB Bjoern Waltersson
|
0-0: Foul Ball, location: 2F 0-1: Ball 1-1: Foul Ball, location: 2F 1-2: Foul Ball, location: 2F 1-2: Ball 2-2: Strikes out swinging
|
|
Batting: RHB Andres Mendiola
|
0-0: Ball 1-0: Called Strike 1-1: Swinging Strike 1-2: Ball 2-2: Foul Ball, location: 2F 2-2: Fly out, F8 (Flyball, 8RD, EV 86.9 MPH)
|
|
Batting: RHB Jasper Burd
|
0-0: Called Strike 0-1: Foul Ball, location: 2F 0-2: Foul Ball, location: 2F 0-2: Ball 1-2: Ball 2-2: Foul Ball, location: 2F 2-2: Foul Ball, location: 2F 2-2: Ground out 6-3 (Groundball, 6M, EV 84.4 MPH)
|
| Top of the 1st over - 0 runs, 0 hits, 0 errors, 0 left on base; Arkansas 0 - Northwest Arkansas 0 |
| BOTTOM OF THE 1ST |
|
Northwest Arkansas Naturals batting - Pitching for Arkansas Travelers : RHP Gus Morante
|
|
Pitching: RHP Gus Morante
|
|
|
Batting: SHB Jarrod Lindblad
|
0-0: Ground out U3 (Groundball, 13, EV 86.3 MPH)
|
|
Batting: RHB Gavin Jones
|
0-0: Called Strike 0-1: SINGLE (Groundball, 25, EV 68.8 MPH) (infield hit)
|
|
Batting: RHB Walt Cogswell
|
0-0: Called Strike 0-1: Called Strike 0-2: Fly out, F7 (Flyball, 78XD, EV 105.0 MPH)
|
|
Batting: RHB Danny Loyola
|
0-0: Called Strike Gavin Jones steals 2nd base 0-1: Ball 1-1: Swinging Strike 1-2: Ball 2-2: Ball 3-2: Base on Balls
|
|
Batting: LHB Robert Wilkins
|
0-0: Called Strike 0-1: Foul Ball, location: 2F 0-2: Ball 1-2: Ball 2-2: Foul Ball, location: 2F 2-2: Foul Ball, location: 2F 2-2: Strikes out swinging
|
| Bottom of the 1st over - 0 runs, 1 hit, 0 errors, 2 left on base; Arkansas 0 - Northwest Arkansas 0 |
| TOP OF THE 2ND |
|
Arkansas Travelers batting - Pitching for Northwest Arkansas Naturals : RHP Marvin Velasco
|
|
Batting: LHB Matt Calitri
|
0-0: Ball 1-0: Ball 2-0: Ball 3-0: Called Strike 3-1: Base on Balls
|
|
Batting: RHB Luis Romero
|
0-0: Fly out, F8 (Line Drive, 8RD, EV 92.5 MPH)
|
|
Batting: LHB Tyler Meier
|
0-0: Called Strike 0-1: Ball 1-1: Called Strike 1-2: Strikes out swinging
|
|
Batting: LHB Barrfhionn O'Toole
|
0-0: Called Strike 0-1: Ground out 4-3 (Groundball, 34, EV 84.4 MPH)
|
| Top of the 2nd over - 0 runs, 0 hits, 0 errors, 1 left on base; Arkansas 0 - Northwest Arkansas 0 |
| BOTTOM OF THE 2ND |
|
Northwest Arkansas Naturals batting - Pitching for Arkansas Travelers : RHP Gus Morante
|
|
Batting: RHB Javier Solis
|
0-0: Called Strike 0-1: Foul Ball, location: 2F 0-2: Ball 1-2: Ball 2-2: DOUBLE (Line Drive, 78XD, EV 108.1 MPH)
|
|
Batting: RHB Tomas Raya
|
0-0: Ball 1-0: Foul Ball, location: 2F 1-1: Foul Ball, location: 2F 1-2: Ground out 6-3 (Groundball, 6, EV 80.0 MPH)
|
|
Batting: RHB Egidius Kruger
|
0-0: Ball 1-0: Foul Ball, location: 2F 1-1: Ball 2-1: Swinging Strike 2-2: Ball 3-2: Base on Balls
|
|
Batting: RHB Doug Carter
|
0-0: Ball 1-0: Ball 2-0: SINGLE (Groundball, 56D, EV 87.5 MPH) (infield hit) Javier Solis to third Egidius Kruger to second
|
|
Batting: SHB Jarrod Lindblad
|
0-0: Foul Ball, location: 2F 0-1: Ball 1-1: Ball 2-1: Ball 3-1: Foul Ball, location: 2F 3-2: Base on Balls Javier Solis scores Egidius Kruger to third Doug Carter to second
|
|
Batting: RHB Gavin Jones
|
0-0: Called Strike 0-1: Fly out, F9 (Flyball, 9D, EV 100.6 MPH) Runner from 3rd tags up, OUT at HOME! 9-2
|
| Bottom of the 2nd over - 1 run, 2 hits, 0 errors, 2 left on base; Arkansas 0 - Northwest Arkansas 1 |
| TOP OF THE 3RD |
|
Arkansas Travelers batting - Pitching for Northwest Arkansas Naturals : RHP Marvin Velasco
|
|
Batting: LHB Sean Corderman
|
0-0: Ball 1-0: Foul Ball, location: 2F 1-1: Ball 2-1: Foul Ball, location: 2F 2-2: Fly out, F6 (Popup, 6M, EV 64.4 MPH)
|
|
Batting: RHB David Young
|
0-0: Ball 1-0: Called Strike 1-1: Called Strike 1-2: Strikes out swinging
|
|
Batting: RHB Bjoern Waltersson
|
0-0: Foul Ball, location: 2F 0-1: Ball 1-1: Foul Ball, location: 2F 1-2: Ball 2-2: SINGLE (Groundball, 6MD, EV 98.1 MPH)
|
|
Batting: RHB Andres Mendiola
|
0-0: Ball Bjoern Waltersson steals 2nd base 1-0: Foul Ball, location: 2F 1-1: Fly out, F9 (Line Drive, 9, EV 90.6 MPH)
|
| Top of the 3rd over - 0 runs, 1 hit, 0 errors, 1 left on base; Arkansas 0 - Northwest Arkansas 1 |
| BOTTOM OF THE 3RD |
|
Northwest Arkansas Naturals batting - Pitching for Arkansas Travelers : RHP Gus Morante
|
|
Batting: RHB Walt Cogswell
|
0-0: Foul Ball, location: 2F 0-1: Ball 1-1: Foul Ball, location: 2F 1-2: Strikes out swinging
|
|
Batting: RHB Danny Loyola
|
0-0: Called Strike 0-1: Swinging Strike 0-2: Ball 1-2: Ball 2-2: Foul Ball, location: 2F 2-2: Ball 3-2: Foul Ball, location: 2F 3-2: Ground out 6-3 (Groundball, 6S, EV 88.1 MPH)
|
|
Batting: LHB Robert Wilkins
|
0-0: Swinging Strike 0-1: Ball 1-1: Called Strike 1-2: Strikes out swinging
|
| Bottom of the 3rd over - 0 runs, 0 hits, 0 errors, 0 left on base; Arkansas 0 - Northwest Arkansas 1 |
| TOP OF THE 4TH |
|
Arkansas Travelers batting - Pitching for Northwest Arkansas Naturals : RHP Marvin Velasco
|
|
Batting: RHB Jasper Burd
|
0-0: Swinging Strike 0-1: Ground out 4-3 (Groundball, 4M, EV 96.3 MPH)
|
|
Batting: LHB Matt Calitri
|
0-0: Called Strike 0-1: Called Strike 0-2: Ball 1-2: Strikes out swinging
|
|
Batting: RHB Luis Romero
|
0-0: Ball 1-0: Foul Ball, location: 2F 1-1: Foul Ball, location: 2F 1-2: Foul Ball, location: 2F 1-2: Foul Ball, location: 2F 1-2: Ground out U3 (Groundball, 3, EV 85.6 MPH)
|
| Top of the 4th over - 0 runs, 0 hits, 0 errors, 0 left on base; Arkansas 0 - Northwest Arkansas 1 |
| BOTTOM OF THE 4TH |
|
Northwest Arkansas Naturals batting - Pitching for Arkansas Travelers : RHP Gus Morante
|
|
Batting: RHB Javier Solis
|
0-0: Called Strike 0-1: Ground out 6-3 (Groundball, 6, EV 86.9 MPH)
|
|
Batting: RHB Tomas Raya
|
0-0: Ground out 5-3 (Groundball, 56, EV 103.1 MPH)
|
|
Batting: RHB Egidius Kruger
|
0-0: Ball 1-0: Ball 2-0: Called Strike 2-1: Called Strike 2-2: Strikes out swinging
|
| Bottom of the 4th over - 0 runs, 0 hits, 0 errors, 0 left on base; Arkansas 0 - Northwest Arkansas 1 |
| TOP OF THE 5TH |
|
Arkansas Travelers batting - Pitching for Northwest Arkansas Naturals : RHP Marvin Velasco
|
|
Batting: LHB Tyler Meier
|
0-0: SINGLE (Groundball, 34D, EV 103.8 MPH)
|
|
Batting: LHB Barrfhionn O'Toole
|
0-0: Ball 1-0: Fly out, F6 (Popup, 6MD, EV 49.4 MPH)
|
|
Batting: LHB Sean Corderman
|
0-0: Ball 1-0: Ball Tyler Meier is caught stealing 2nd base 2-6 2-0: Called Strike 2-1: Ground out 1-3 (Groundball, 15S, EV 65.0 MPH)
|
| Top of the 5th over - 0 runs, 1 hit, 0 errors, 0 left on base; Arkansas 0 - Northwest Arkansas 1 |
| BOTTOM OF THE 5TH |
|
Northwest Arkansas Naturals batting - Pitching for Arkansas Travelers : RHP Gus Morante
|
|
Batting: RHB Doug Carter
|
0-0: Ball 1-0: Ball 2-0: Ground out 6-3 (Groundball, 6, EV 86.3 MPH)
|
|
Batting: SHB Jarrod Lindblad
|
0-0: Ball 1-0: Ball 2-0: Fly out, F8 (Flyball, 8LM, EV 85.0 MPH)
|
|
Batting: RHB Gavin Jones
|
0-0: Swinging Strike 0-1: Swinging Strike 0-2: Ground out 6-3 (Groundball, 6, EV 82.5 MPH)
|
| Bottom of the 5th over - 0 runs, 0 hits, 0 errors, 0 left on base; Arkansas 0 - Northwest Arkansas 1 |
| TOP OF THE 6TH |
|
Arkansas Travelers batting - Pitching for Northwest Arkansas Naturals : RHP Marvin Velasco
|
|
Pitching: RHP Arturo Rojas
|
|
|
Batting: RHB David Young
|
0-0: Called Strike 0-1: Ball 1-1: Foul Ball, location: 2F 1-2: Ball 2-2: Strikes out looking
|
|
Batting: RHB Bjoern Waltersson
|
0-0: Ball 1-0: Called Strike 1-1: Foul Ball, location: 2F 1-2: Foul Ball, location: 2F 1-2: Foul Ball, location: 2F 1-2: Ball 2-2: Ball 3-2: Base on Balls
|
|
Batting: RHB Andres Mendiola
|
0-0: Ball Bjoern Waltersson steals 2nd base 1-0: Ball 2-0: Foul Ball, location: 2F 2-1: Ball Bjoern Waltersson steals 3rd base 3-1: Foul Ball, location: 2F 3-2: Base on Balls
|
|
Pitching: RHP Andrew Tipton
|
|
|
Batting: RHB Jasper Burd
|
0-0: Ball 1-0: SINGLE (Groundball, 34D, EV 96.3 MPH) Bjoern Waltersson scores Andres Mendiola to second Runner from 2nd tries for 3rd, SAFE, no throw by RF
|
|
Batting: LHB Matt Calitri
|
0-0: Ball 1-0: Called Strike 1-1: SINGLE (Groundball, 34D, EV 103.8 MPH) Andres Mendiola scores Jasper Burd to second Runner from 2nd tries for 3rd, SAFE, throw by RF made to third
|
|
Batting: RHB Luis Romero
|
0-0: Called Strike 0-1: Ball 1-1: Ball 2-1: Swinging Strike 2-2: Grounds into double play, U6-3 (Groundball, P, EV 88.8 MPH)
|
| Top of the 6th over - 2 runs, 2 hits, 0 errors, 1 left on base; Arkansas 2 - Northwest Arkansas 1 |
| BOTTOM OF THE 6TH |
|
Northwest Arkansas Naturals batting - Pitching for Arkansas Travelers : RHP Gus Morante
|
|
Batting: RHB Walt Cogswell
|
0-0: Ball 1-0: Ball 2-0: Ground out 6-3 (Groundball, 6, EV 93.1 MPH)
|
|
Batting: RHB Danny Loyola
|
0-0: Called Strike 0-1: Ball 1-1: Ball 2-1: Ball 3-1: Base on Balls
|
|
Batting: LHB Robert Wilkins
|
0-0: Ball 1-0: Ball 2-0: Ball 3-0: Called Strike 3-1: Base on Balls Danny Loyola to second
|
|
Pitching: RHP Erick Vazquez
|
|
|
Batting: RHB Javier Solis
|
0-0: Called Strike 0-1: Called Strike 0-2: Ball 1-2: Ball 2-2: DOUBLE (Line Drive, 89XD, EV 108.8 MPH) Danny Loyola scores Robert Wilkins to third
|
|
Batting: RHB Tomas Raya
|
0-0: Intentional Walk
|
|
Batting: RHB Egidius Kruger
|
0-0: Ball 1-0: Ball 2-0: Grounds into fielders choice 5-2 (Groundball, 25, EV 80.6 MPH) Javier Solis to third Tomas Raya to second
|
|
Batting: RHB Doug Carter
|
0-0: Ball 1-0: Foul Ball, location: 2F 1-1: Ball 2-1: Fielders Choice at 2nd, 6-4 (Groundball, 56, EV 85.6 MPH)
|
| Bottom of the 6th over - 1 run, 1 hit, 0 errors, 3 left on base; Arkansas 2 - Northwest Arkansas 2 |
| TOP OF THE 7TH |
|
Arkansas Travelers batting - Pitching for Northwest Arkansas Naturals : RHP Andrew Tipton
|
|
Batting: LHB Tyler Meier
|
0-0: Ball 1-0: Ground out U3 (Groundball, 34, EV 90.6 MPH)
|
|
Batting: LHB Barrfhionn O'Toole
|
0-0: Foul Ball, location: 2F 0-1: Swinging Strike 0-2: Ball 1-2: Ball 2-2: Strikes out swinging
|
|
Batting: LHB Sean Corderman
|
0-0: Ball 1-0: Ball 2-0: DOUBLE (Flyball, 8RXD, EV 98.1 MPH)
|
|
Pitching: RHP Jarred Young
|
|
|
Batting: RHB David Young
|
0-0: Ball 1-0: Foul Ball, location: 2F 1-1: Ball 2-1: Ball 3-1: Foul Ball, location: 2F 3-2: Strikes out looking
|
| Top of the 7th over - 0 runs, 1 hit, 0 errors, 1 left on base; Arkansas 2 - Northwest Arkansas 2 |
| BOTTOM OF THE 7TH |
|
Northwest Arkansas Naturals batting - Pitching for Arkansas Travelers : RHP Erick Vazquez
|
|
Batting: SHB Jarrod Lindblad
|
0-0: Called Strike 0-1: Ball 1-1: Called Strike 1-2: Ground out 5-3 (Groundball, 15, EV 83.8 MPH)
|
|
Batting: RHB Gavin Jones
|
0-0: Ball 1-0: Ball 2-0: Foul Ball, location: 2F 2-1: Foul Ball, location: 2F 2-2: SINGLE (Groundball, 56D, EV 96.9 MPH)
|
|
Batting: RHB Walt Cogswell
|
0-0: Ball 1-0: Fly out, F6 (Popup, 6, EV 70.6 MPH)
|
|
Batting: RHB Danny Loyola
|
0-0: Called Strike 0-1: Called Strike 0-2: Ball 1-2: Strikes out swinging
|
| Bottom of the 7th over - 0 runs, 1 hit, 0 errors, 1 left on base; Arkansas 2 - Northwest Arkansas 2 |
| TOP OF THE 8TH |
|
Arkansas Travelers batting - Pitching for Northwest Arkansas Naturals : RHP Jarred Young
|
|
Batting: RHB Bjoern Waltersson
|
0-0: Called Strike 0-1: Foul Ball, location: 2F 0-2: Ball 1-2: Foul Ball, location: 2F 1-2: Ball 2-2: Foul Ball, location: 2F 2-2: Fly out, F9 (Flyball, 9LM, EV 90.0 MPH)
|
|
Batting: RHB Andres Mendiola
|
0-0: Called Strike 0-1: Foul Ball, location: 2F 0-2: Ball 1-2: Strikes out swinging
|
|
Batting: RHB Jasper Burd
|
0-0: Swinging Strike 0-1: Ball 1-1: Ball 2-1: Swinging Strike 2-2: Foul Ball, location: 2F 2-2: Foul Ball, location: 2F 2-2: SINGLE (Line Drive, 4MD, EV 105.0 MPH)
|
|
Pitching: RHP Vinny Reveles
|
|
|
Batting: LHB Matt Calitri
|
0-0: Called Strike 0-1: Ball 1-1: Ball 2-1: DOUBLE (Line Drive, 78M, EV 95.0 MPH) Jasper Burd to third Throwing error, E8 Jasper Burd scores Matt Calitri to third
|
|
Batting: RHB Luis Romero
|
0-0: Foul Ball, location: 2F 0-1: Called Strike 0-2: Strikes out looking
|
| Top of the 8th over - 1 run, 2 hits, 1 error, 1 left on base; Arkansas 3 - Northwest Arkansas 2 |
| BOTTOM OF THE 8TH |
|
Northwest Arkansas Naturals batting - Pitching for Arkansas Travelers : RHP Erick Vazquez
|
|
Pitching: RHP Jason Smallwood
|
|
|
Now in LF: Mario Padron
|
|
|
Batting: LHB Robert Wilkins
|
0-0: Swinging Strike 0-1: Ball 1-1: Swinging Strike 1-2: SINGLE (Line Drive, 9LM, EV 101.3 MPH)
|
|
Batting: RHB Javier Solis
|
0-0: Ball 1-0: Sac Bunt to P - play at first, batter OUT! 1-4 Robert Wilkins to second
|
|
Batting: RHB Tomas Raya
|
0-0: Foul Ball, location: 2F 0-1: Ball 1-1: Ball 2-1: Ball 3-1: Base on Balls
|
|
Pitching: LHP Tim Siddens
|
|
|
Batting: RHB Egidius Kruger
|
0-0: Ground out 5-3 (Groundball, 56S, EV 73.8 MPH) Robert Wilkins to third Tomas Raya to second
|
|
Pitching: RHP Andino Calzaghe
|
|
|
Batting: RHB Doug Carter
|
0-0: Called Strike 0-1: Foul Ball, location: 2F 0-2: Ball 1-2: Foul Ball, location: 2F 1-2: Fly out, F3 (Popup, 34, EV 72.5 MPH)
|
| Bottom of the 8th over - 0 runs, 1 hit, 0 errors, 2 left on base; Arkansas 3 - Northwest Arkansas 2 |
| TOP OF THE 9TH |
|
Arkansas Travelers batting - Pitching for Northwest Arkansas Naturals : RHP Vinny Reveles
|
|
Batting: LHB Tyler Meier
|
0-0: Ball 1-0: Ball 2-0: Ball 3-0: Called Strike 3-1: Called Strike 3-2: Base on Balls
|
|
Batting: LHB Barrfhionn O'Toole
|
0-0: Called Strike 0-1: Ball 1-1: Fielders Choice at 2nd, 6-4 (Groundball, 6M, EV 81.3 MPH)
|
|
Batting: LHB Sean Corderman
|
0-0: Called Strike 0-1: SINGLE (Groundball, 6MD, EV 109.4 MPH) Barrfhionn O'Toole to second Runner from 2nd tries for 3rd, SAFE, throw by CF made to third
|
|
Pitching: RHP Paul Corcoran
|
|
|
Batting: RHB David Young
|
0-0: Squeeze Bunt to 2R - play home, runner OUT, batter safe! 1-2 Sean Corderman to second
|
|
Batting: RHB Bjoern Waltersson
|
0-0: Ground out 4-3 (Groundball, 4, EV 85.6 MPH)
|
| Top of the 9th over - 0 runs, 1 hit, 0 errors, 2 left on base; Arkansas 3 - Northwest Arkansas 2 |
| BOTTOM OF THE 9TH |
|
Northwest Arkansas Naturals batting - Pitching for Arkansas Travelers : RHP Andino Calzaghe
|
|
Batting: SHB Jarrod Lindblad
|
0-0: Foul Ball, location: 2F 0-1: DOUBLE (Flyball, 8RXD, EV 98.8 MPH)
|
|
Batting: RHB Gavin Jones
|
0-0: Ball 1-0: TRIPLE (Flyball, 8RXD, EV 94.4 MPH) Jarrod Lindblad scores
|
|
Batting: RHB Walt Cogswell
|
0-0: Ball 1-0: Swinging Strike 1-1: Swinging Strike 1-2: Ball 2-2: Ball 3-2: Fly out, F8 (Flyball, 8RS, EV 92.5 MPH)
|
|
Batting: RHB Danny Loyola
|
0-0: Called Strike 0-1: Ball 1-1: Ball 2-1: Ball 3-1: Swinging Strike 3-2: Strikes out swinging
|
|
Batting: LHB Robert Wilkins
|
0-0: Called Strike 0-1: Called Strike 0-2: Ball 1-2: Ball 2-2: Ball 3-2: Ground out 4-3 (Groundball, 4M, EV 83.8 MPH)
|
| Bottom of the 9th over - 1 run, 2 hits, 0 errors, 1 left on base; Arkansas 3 - Northwest Arkansas 3 |
| TOP OF THE 10TH |
|
Arkansas Travelers batting - Pitching for Northwest Arkansas Naturals : RHP Paul Corcoran
|
|
Batting: RHB Andres Mendiola
|
0-0: Called Strike 0-1: TRIPLE (Flyball, 89XD, EV 107.5 MPH)
|
|
Batting: RHB Jasper Burd
|
0-0: Ball 1-0: Ball 2-0: Ball 3-0: Base on Balls
|
|
Batting: SHB Mario Padron
|
0-0: Called Strike 0-1: Ball 1-1: Ball 2-1: Foul Ball, location: 2F 2-2: SINGLE (Groundball, 34D, EV 95.6 MPH) Andres Mendiola scores Jasper Burd to second Runner from 2nd tries for 3rd, SAFE, throw by RF made at trailing runner, OUT! 9-6
|
|
Batting: RHB Luis Romero
|
0-0: SINGLE (Groundball, 34D, EV 99.4 MPH) Jasper Burd scores
|
|
Batting: LHB Tyler Meier
|
0-0: Ball Luis Romero steals 2nd base 1-0: Called Strike 1-1: Ground out 6-3 (Groundball, 4MD, EV 89.4 MPH) Luis Romero to third
|
|
Batting: LHB Barrfhionn O'Toole
|
0-0: Called Strike 0-1: 2-RUN HOME RUN (Flyball, 7LD, EV 94.4 MPH), Distance : 346 ft
|
|
Batting: LHB Sean Corderman
|
0-0: Foul Ball, location: 2F 0-1: Ball 1-1: Called Strike 1-2: Foul Ball, location: 2F 1-2: Ball 2-2: Ball 3-2: Base on Balls
|
|
Batting: RHB David Young
|
0-0: Called Strike 0-1: Called Strike 0-2: Ground out 5-3 (Groundball, 5L, EV 90.0 MPH)
|
| Top of the 10th over - 4 runs, 4 hits, 0 errors, 1 left on base; Arkansas 7 - Northwest Arkansas 3 |
| BOTTOM OF THE 10TH |
|
Northwest Arkansas Naturals batting - Pitching for Arkansas Travelers : RHP Andino Calzaghe
|
|
Batting: RHB Javier Solis
|
0-0: Swinging Strike 0-1: Ball 1-1: Fly out, F7 (Line Drive, 7, EV 93.8 MPH)
|
|
Pitching: RHP Mike Guidroz
|
|
|
Batting: RHB Tomas Raya
|
0-0: Ball 1-0: Foul Ball, location: 2F 1-1: Reached on error, E5 (Groundball, 56, EV 86.3 MPH)
|
|
Batting: RHB Egidius Kruger
|
0-0: Swinging Strike 0-1: Called Strike 0-2: Fly out, F8 (Flyball, 78M, EV 81.3 MPH)
|
|
Batting: RHB Doug Carter
|
0-0: Swinging Strike 0-1: Fly out, F9 (Flyball, 89M, EV 74.4 MPH)
|
| Bottom of the 10th over - 0 runs, 0 hits, 1 error, 1 left on base; Arkansas 7 - Northwest Arkansas 3 |
|